[Event "WSTCC-65 2024"]
[Site "Krakow"]
[Date "2024.07.03"]
[Round "2.6"]
[White "Pruefer, Friedbert"]
[Black "Bykhovsky, Avigdor"]
[Result "0-1"]
[ECO "D00"]
[WhiteElo "2214"]
[BlackElo "2335"]
[Annotator "TA"]
[PlyCount "96"]
[EventDate "2024.07.01"]
[EventType "team-tourn"]
[EventCountry "POL"]
[SourceTitle "playchess.com"]
[Source "ChessBase"]
[SourceQuality "1"]
[TimeControl "40/5400+30:1800+30"]

1. d4 d5 2. Bf4 c5 3. e3 Nc6 4. c3 Nf6 5. Nd2 e6 6. Ngf3 Be7 7. Bd3 Nh5 8. Be5 Nxe5 9. dxe5 g6 10. O-O {[%emt 0:02:48] The position is equal.} Bd7 11. Re1 Qc7 12. a4 a6 13. g3 Ng7 14. Qe2 (14. e4 $11) 14... O-O ({Black should try} 14... g5 $1 $15) 15. e4 $11 b5 16. axb5 c4 17. Bc2 axb5 18. Qe3 f5 ({Better is} 18... b4) 19. exf6 Bxf6 20. e5 Be7 21. Nd4 b4 22. cxb4 (22. N2f3 $11) 22... Bxb4 $15 23. Rec1 Rxa1 24. Rxa1 Bc5 {[%emt 0:00:10] And now ...Qb6 would win.} 25. b4 Bxb4 26. N2f3 Be7 27. Qh6 Qb6 28. Rd1 (28. h4 $11 {keeps the balance.} c3 29. g4 Rxf3 30. Nxf3) 28... Ra8 (28... Qa7 $17) 29. Ng5 (29. h4 $11 Qb8 30. Rb1) 29... Bxg5 $17 30. Qxg5 Qd8 (30... Ba4 $17 {White must now prevent ...Bxc2.} 31. Bxa4 Rxa4) 31. Qh6 (31. Qxd8+ $1 $11 {remains equal.} Rxd8 32. Ra1) 31... Qf8 32. Rb1 Nf5 33. Qxf8+ (33. Nxf5 $15 gxf5 (33... exf5 34. Qe3 $15) 34. Qf4) 33... Kxf8 34. Bxf5 gxf5 $15 {[%emt 0:00:37][%mdl 4096] Endgame. KRB-KRN} ({Don't play} 34... exf5 35. Kf1 $11) 35. Rb7 $2 {[%emt 0:00:55] [#] Now White is beyond hope.} (35. Kf1 $17 {might work better.}) 35... Ra1+ $1 $19 36. Kg2 Rd1 37. Nxf5 (37. Rxd7 Rxd4 38. Kf1) 37... exf5 38. Rxd7 {[%emt 0:00:01] KR-KR} c3 {[%emt 0:00:03] Strongly threatening ...c2.} 39. Rc7 d4 40. Kf3 Rd2 41. Kf4 Rxf2+ 42. Kg5 {[%emt 0:00:06] Threatens to win with Kf6.} Rxh2 43. Kf6 Rh6+ 44. Kxf5 {[%emt 0:00:00] [#]} (44. Kg5 $142 Rg6+ 45. Kxf5 Rxg3 46. e6) 44... Rh2 $1 45. e6 c2 46. Ke4 Rd2 47. Kd5 d3 {[%emt 0:00:00] ( -> ...Re2)} 48. Kd6 Re2 {[%emt 0:00:00] Weighted Error Value: White=0.98/Black=0.36.  Loses game:     	White=1     	---        Mistake:       	White=8     	Black=4      Inaccurate:     	White=1     	Black=2      OK:         	White=11    	Black=8      Best:        	White=1     	Black=3      Strong:       	---       	Black=2} 0-1

[Event "WSTCC-65 2024"]
[Site "Krakow"]
[Date "2024.07.03"]
[Round "2.6"]
[White "Smith, Andrew Philip"]
[Black "Vatter, Hans-Joachim"]
[Result "1/2-1/2"]
[ECO "C16"]
[WhiteElo "2037"]
[BlackElo "2214"]
[Annotator "TA"]
[PlyCount "90"]
[EventDate "2024.07.01"]
[EventType "team-tourn"]
[EventCountry "POL"]
[SourceTitle "playchess.com"]
[Source "ChessBase"]
[SourceQuality "1"]
[TimeControl "40/5400+30:1800+30"]

1. e4 e6 2. d4 d5 3. Nc3 Bb4 4. e5 b6 5. Bd2 Qd7 6. Bb5 c6 7. Ba4 a5 8. a3 Bxc3 9. Bxc3 Ne7 {[%emt 0:00:50] White has an edge.} 10. Ne2 Ba6 11. Bd2 Qa7 12. O-O ({Better is} 12. c3 $14) 12... Bxe2 $1 $15 13. Qxe2 b5 14. Bb3 Qxd4 (14... a4 $5 15. Ba2 $8 Qxd4 $11) 15. c3 Qb6 16. h4 h5 17. Bc2 Nd7 18. Bg5 Ng6 (18... a4 $17) 19. Bxg6 fxg6 20. Qd3 {[%emt 0:00:25] [#]} (20. Qc2 $15 Kf7 21. Rae1) 20... Kf7 $1 $17 (20... Nxe5 $2 {too greedy.} 21. Qe2 $18) 21. Rae1 Rhe8 (21... Qb8 $17) 22. Re3 $11 Nf8 23. Rfe1 Kg8 24. g4 hxg4 25. Rg3 b4 26. Rxg4 bxa3 27. bxa3 Ra7 28. Be3 $1 Qa6 29. Qxa6 Rxa6 30. Bc5 Kh7 31. Re3 Nd7 32. Bd6 Rb6 33. Rf3 Rb1+ 34. Kg2 {[%emt 0:00:13] Hoping for Rf7.} Re1 35. Rg5 {[%emt 0:01:09][%mdl 1024] aiming for h5. White has compensation.} Rg8 36. Rf7 (36. Rfg3 $14) 36... Nb6 37. Re7 Na4 38. Rg3 ({Reject} 38. Rxe6 Nxc3 39. Rgxg6 Ne2) 38... Rc1 39. Rxe6 Nxc3 {[%emt 0:00:12] [#] White must now prevent ...Ne2.} 40. Rgxg6 $2 (40. Bc5 $11) 40... Ne4 $2 (40... Ne2 $19 41. Rg4 Rc4) 41. f3 $1 {[%emt 0:11:23] The position is equal.} Rc2+ 42. Kh3 Rc3 43. Kg2 Rc2+ 44. Kh3 Rc3 $1 45. Kg2 Rc2+ {[%emt 0:03:15] Weighted Error Value: White=0.20 (precise) /Black=0.14 (very precise) .  Loses game:     	White=1     	---        Missed win:     	---       	Black=1      Mistake:       	White=3     	Black=2      Inaccurate:     	White=2     	Black=1      OK:         	White=18    	Black=12     Best:        	White=3     	Black=3      Strong:       	White=2     	Black=3} 1/2-1/2

[Event "WSTCC-65 2024"]
[Site "Krakow"]
[Date "2024.07.03"]
[Round "2.6"]
[White "Noone, Joe"]
[Black "Fletcher, John"]
[Result "0-1"]
[ECO "B30"]
[WhiteElo "1906"]
[BlackElo "2007"]
[Annotator "NA RC"]
[PlyCount "67"]
[EventDate "2024.07.01"]
[EventType "team-tourn"]
[EventCountry "POL"]
[SourceTitle "playchess.com"]
[Source "ChessBase"]
[SourceQuality "1"]
[TimeControl "40/5400+30:1800+30"]

1. e4 c5 2. Nf3 Nc6 3. c3 Nf6 4. d3 e5 5. Bg5 Be7 6. Be2 O-O 7. Nbd2 d5 8. O-O b6 9. Re1 d4 10. Qc2 Ne8 11. Bxe7 Qxe7 12. Nf1 f5 13. exf5 Bxf5 14. Ng3 Bg6 15. Nd2 dxc3 16. bxc3 Rd8 17. Nde4 Qf7 18. Rad1 h5 19. Bf3 h4 20. Ng5 Qd7 21. N3e4 h3 22. Qe2 hxg2 23. Bxg2 Bf5 24. Qh5 Nf6 25. Qh4 Bg4 26. Re3 Bxd1 27. Rh3 Nh5 28. f3 g6 29. Nf2 Rf4 30. Ng4 Rdf8 31. Qe1 Qxd3 32. Bf1 Qd6 33. Rxh5 gxh5 34. Qh4 0-1

[Event "WSTCC-65 2024"]
[Site "Krakow"]
[Date "2024.07.03"]
[Round "2.7"]
[White "Kiefer, Gerhard"]
[Black "Morriss, Pete"]
[Result "1-0"]
[ECO "B17"]
[WhiteElo "2210"]
[BlackElo "1982"]
[Annotator "RC"]
[PlyCount "144"]
[EventDate "2024.07.01"]
[EventType "team-tourn"]
[EventCountry "POL"]
[SourceTitle "playchess.com"]
[Source "ChessBase"]
[SourceQuality "1"]
[TimeControl "40/5400+30:1800+30"]

1. e4 c6 2. d4 d5 3. Nd2 dxe4 4. Nxe4 Nd7 5. Ng5 Ngf6 6. Bd3 e6 7. N1f3 Bd6 8. Qe2 h6 9. Ne4 Nxe4 10. Qxe4 Nf6 11. Qe2 O-O 12. Bd2 c5 13. dxc5 Bxc5 14. O-O Bd7 15. Ne5 Bd4 16. Bb4 Re8 17. Nxd7 Nxd7 18. Rad1 Qb6 19. c3 Nf6 20. Bb5 Bc5 21. Bxc5 Qxc5 22. Bxe8 Rxe8 23. c4 e5 24. b3 e4 25. Rfe1 Re6 26. Qe3 Qa3 27. Re2 a5 28. h3 b6 29. g3 Qe7 30. Qd4 Kh7 31. g4 g6 32. Re3 Ne8 33. Qd7 Qf6 34. Qd4 Qf4 35. c5 bxc5 36. Qxc5 Nf6 37. Rd8 Ne8 38. Qf8 Rf6 39. Rd2 Ng7 40. Qa8 Ne6 41. Qxe4 Qg5 42. Qe5 Rf5 43. Qg3 Rc5 44. Rd7 Qf6 45. Rf3 Qa1+ 46. Kh2 Ng5 47. Rfxf7+ Nxf7 48. Rxf7+ Kg8 49. Qf4 Rc8 50. Qf6 Qxf6 51. Rxf6 Rc2 52. a4 Kg7 53. Rf3 Rb2 54. Kg3 g5 55. Rc3 Kg6 56. f4 gxf4+ 57. Kxf4 Re2 58. Rc6+ Kg7 59. Rb6 Rh2 60. Kg3 Re2 61. h4 Rd2 62. h5 Rb2 63. Rb5 Rb1 64. Kf3 Kf6 65. Ke2 Rb2+ 66. Kd3 Rg2 67. Rb6+ Ke5 68. Rxh6 Rxg4 69. Ra6 Rg3+ 70. Kc4 Rg4+ 71. Kc3 Rg3+ 72. Kb2 Kd5 1-0

[Event "WSTCC-65 2024"]
[Site "Krakow"]
[Date "2024.07.03"]
[Round "2.7"]
[White "Maryasin, Boris"]
[Black "Glaessl, Matthias"]
[Result "1-0"]
[ECO "C41"]
[WhiteElo "2209"]
[BlackElo "2196"]
[Annotator "TA"]
[PlyCount "67"]
[EventDate "2024.07.01"]
[EventType "team-tourn"]
[EventCountry "POL"]
[SourceTitle "playchess.com"]
[Source "ChessBase"]
[SourceQuality "1"]
[TimeControl "40/5400+30:1800+30"]

1. e4 d6 2. d4 Nf6 3. Nc3 e5 4. Nf3 Nbd7 5. Bc4 Be7 6. O-O O-O 7. h3 c6 8. a4 a5 9. Be3 Qc7 10. Qe2 exd4 11. Nxd4 Ne5 12. Bb3 b6 {[%emt 0:00:33] C41: Philidor Verdediging.} 13. f4 Ba6 {[%emt 0:01:45] [#] Fout (0.9)} (13... Ned7 $16 {gaat door met vechten.}) 14. Ndb5 $1 $18 {[%emt 0:02:47] Sterk} cxb5 {[%emt 0:03:45] OK. Wit staat duidelijk beter.} 15. axb5 ({En niet} 15. fxe5 bxa4 16. exf6 Bxe2 $17) 15... Bb7 {[%emt 0:00:43] Beste} 16. fxe5 {[%emt 0:00:09] OK} dxe5 17. Ra4 $146 ({Predecessor:} 17. Bg5 Rad8 18. Kh1 Rd6 {½-½ Vana,J (1781)-Sladek,J (1853) Pilsen Region-chT 2223 2022 (1.6)}) 17... Nd7 {[%emt 0:04:37] Fout (0.5)} (17... Bb4 $16 {pakt misschien beter uit.}) 18. Qf3 Bc5 {[%emt 0:03:28] [#]} 19. Nd5 {[%emt 0:05:27] Fout (0.5)} ({Wit zou moeten spelen} 19. Rc4 $1 $16) 19... Bxd5 20. Bxd5 Bxe3+ 21. Qxe3 {[%emt 0:00:09] Rc4 zou dodelijk zijn. Zwart is zwak op de lichte velden} Nc5 22. Raa1 {[%emt 0:00:28] Wit heeft actievere stukken.} Rab8 23. b3 {[%emt 0:04:37] Onnauwkeurig} Ne6 24. Bxe6 fxe6 25. c4 Rbd8 26. Rxf8+ {[%emt 0:00:31] OK} Rxf8 $14 {[%emt 0:00:56][%mdl 4096] Eindspel. KQR-KQR} 27. Rd1 {[%emt 0:00:44] Hoopt vervolgens op Qd3. OK} Rc8 {[%emt 0:09:53] Onnauwkeurig} 28. Kh2 {[%emt 0:01:17] OK} a4 $2 {[%emt 0:01:14][%mdl 8192] Zwart kan hierna niet meer standhouden. Verliest partij (4.2)} 29. bxa4 $18 {[%emt 0:00:29][%cal Bb3a4,Ba4a5][%mdl 32] EV=15.48. Goes to a5 (dbg)). Beste (Gemakkelijk)} Ra8 {[%emt 0:01:23] [#]} 30. c5 $1 {[%emt 0:05:44][%mdl 512] OK} bxc5 {[%emt 0:00:45][%cal Bb6c5,Bc5c4][%mdl 32] EV=15.18. Goes to c4 (dbg)). OK} 31. Qb3 Qb6 32. Rd7 {[%emt 0:00:57] Dreigt mat met Qg3. OK} Rf8 {[%emt 0:03:38] [#] Onnauwkeurig} 33. a5 $1 c4 (33... Qxa5 34. Qxe6+) 34. Qg3 {[%emt 0:00:51] Blunder waarde: Wit=0.15 (erg precies) /Zwart=0.82.  Verliest partij:   	---       	Zwart=1      Fout:        	Wit=1      	Zwart=2      Onnauwkeurig:    	Wit=1      	Zwart=2      OK:         	Wit=6      	Zwart=2      Beste:        	Wit=1      	Zwart=1      Sterk:        	Wit=1      	---} 1-0

[Event "WSTCC-65 2024"]
[Site "Krakow"]
[Date "2024.07.03"]
[Round "2.7"]
[White "Van Kemenade, Rudy"]
[Black "Harding, Tim D"]
[Result "0-1"]
[ECO "B01"]
[WhiteElo "1960"]
[BlackElo "1945"]
[Annotator "NA RC"]
[PlyCount "80"]
[EventDate "2024.07.01"]
[EventType "team-tourn"]
[EventCountry "POL"]
[SourceTitle "playchess.com"]
[Source "ChessBase"]
[SourceQuality "1"]
[TimeControl "40/5400+30:1800+30"]

1. e4 d5 2. Nf3 dxe4 3. Ng5 Bf5 4. Nc3 Nf6 5. Bc4 e6 6. f3 Bc5 7. fxe4 Bxe4 8. Ncxe4 Nxe4 9. Bb5+ c6 10. Nxe4 Qh4+ 11. Ng3 cxb5 12. Qe2 a6 13. c3 O-O 14. d4 Bd6 15. Qf3 Bxg3+ 16. Qxg3 Qxg3+ 17. hxg3 Nd7 18. Bf4 Rfc8 19. O-O Rc4 20. Bd2 Rac8 21. b3 R4c6 22. a4 bxa4 23. Rxa4 Nf6 24. c4 Rb6 25. Rf3 Rd6 26. Bc3 b5 27. cxb5 axb5 28. Ra7 Rd7 29. Rxd7 Nxd7 30. Bb4 Nf6 31. Bc5 Ra8 32. Rf1 Ne4 33. Rf3 Ra1+ 34. Kh2 h5 35. b4 g5 36. Be7 Kg7 37. d5 exd5 38. Rf5 f6 39. Bc5 Rh1+ 40. Kxh1 Nxg3+ 0-1

[Event "WSTCC-65 2024"]
[Site "Krakow"]
[Date "2024.07.03"]
[Round "2.8"]
[White "Schulz, Michael"]
[Black "Lederman, Leon"]
[Result "0-1"]
[ECO "A45"]
[WhiteElo "2109"]
[BlackElo "2198"]
[Annotator "RC"]
[PlyCount "102"]
[EventDate "2024.07.01"]
[EventType "team-tourn"]
[EventCountry "POL"]
[SourceTitle "playchess.com"]
[Source "ChessBase"]
[SourceQuality "1"]
[TimeControl "40/5400+30:1800+30"]

1. d4 Nf6 2. Bg5 Ne4 3. Bf4 d5 4. f3 Nf6 5. e4 dxe4 6. Nc3 exf3 7. Nxf3 a6 8. Bc4 e6 9. Qe2 Be7 10. O-O-O c6 11. Ne5 O-O 12. g4 Nd5 13. Nxd5 exd5 14. Bd3 Nd7 15. h4 Nxe5 16. dxe5 Be6 17. Bf5 Qa5 18. Kb1 Qb5 19. Qd2 Rad8 20. Bg5 Rd7 21. h5 Ba3 22. Qc1 Re8 23. Rh3 Bf8 24. h6 g6 25. Bf6 d4 26. Bxe6 Rxe6 27. c4 Qc5 28. Rhd3 b5 29. cxb5 axb5 30. Qf4 Rd5 31. Rxd4 Re8 32. Rxd5 cxd5 33. g5 Rc8 34. Rc1 Qxc1+ 35. Qxc1 Rxc1+ 36. Kxc1 Bc5 37. Kc2 Kf8 38. Kd3 Ke8 39. b4 Bb6 40. Kc3 Kd7 41. Kb3 Kc6 42. a4 bxa4+ 43. Kxa4 d4 44. Kb3 Kd5 45. Kc2 Ke4 46. Kd2 d3 47. Kd1 Kd5 48. Kd2 Kc4 49. Be7 Bd4 50. Bf6 Bc3+ 51. Ke3 Bxb4 0-1

[Event "WSTCC-65 2024"]
[Site "Krakow"]
[Date "2024.07.03"]
[Round "2.8"]
[White "O`Connor, Eddie"]
[Black "Vogel, Robert"]
[Result "1/2-1/2"]
[ECO "B06"]
[WhiteElo "1953"]
[BlackElo "2085"]
[Annotator "NA RC"]
[PlyCount "55"]
[EventDate "2024.07.01"]
[EventType "team-tourn"]
[EventCountry "POL"]
[SourceTitle "playchess.com"]
[Source "ChessBase"]
[SourceQuality "1"]
[TimeControl "40/5400+30:1800+30"]

1. e4 g6 2. d4 Bg7 3. Nf3 d6 4. Be3 Nf6 5. Nc3 O-O 6. Qd2 e5 7. O-O-O exd4 8. Nxd4 Re8 9. f3 Nc6 10. Bc4 Nxd4 11. Bxd4 Be6 12. Bxe6 Rxe6 13. g4 c6 14. h4 h5 15. gxh5 Nxh5 16. Bxg7 Kxg7 17. f4 Qf6 18. f5 Re5 19. fxg6 fxg6 20. Qxd6 Qxd6 21. Rxd6 Rae8 22. Rd7+ R8e7 23. Rxe7+ Rxe7 24. Kd2 Nf6 25. Kd3 Ng4 26. Rg1 Ne5+ 27. Ke2 Kh6 28. b3 1/2-1/2

[Event "WSTCC-65 2024"]
[Site "Krakow"]
[Date "2024.07.03"]
[Round "2.8"]
[White "Murray, Jim G."]
[Black "Quinn, Peter"]
[Result "1/2-1/2"]
[ECO "A40"]
[WhiteElo "1884"]
[BlackElo "1744"]
[Annotator "NA RC"]
[PlyCount "79"]
[EventDate "2024.07.01"]
[EventType "team-tourn"]
[EventCountry "POL"]
[SourceTitle "playchess.com"]
[Source "ChessBase"]
[SourceQuality "1"]
[TimeControl "40/5400+30:1800+30"]

1. d4 c6 2. c4 d6 3. Nc3 Nd7 4. Nf3 Qa5 5. e4 Ngf6 6. Bd3 e5 7. O-O exd4 8. Nxd4 Ne5 9. Be2 Be6 10. Nxe6 fxe6 11. Rb1 Be7 12. Bh5+ g6 13. Be2 O-O 14. Bh6 Rfe8 15. b4 Qc7 16. Bf4 Nf7 17. Qb3 e5 18. Be3 Kg7 19. f4 exf4 20. Bxf4 Ne5 21. Be3 b6 22. Qb2 Rad8 23. Rbd1 Qc8 24. Rf4 Qe6 25. Bd4 Rf8 26. Rdf1 Nfd7 27. Nd1 Rxf4 28. Rxf4 Rf8 29. Qd2 Bf6 30. Qb2 g5 31. Rf5 h6 32. Ne3 Ng6 33. Bxf6+ Nxf6 34. Bd3 Ne5 35. Qc3 Nxd3 36. Qxd3 Qxe4 37. Qxe4 Nxe4 38. Rxf8 Kxf8 39. Nf5 h5 40. Nd4 1/2-1/2

[Event "WSTCC-65 2024"]
[Site "Krakow"]
[Date "2024.07.03"]
[Round "2.9"]
[White "Renman, Nils-Gustaf"]
[Black "Roos, Daniel"]
[Result "1/2-1/2"]
[ECO "D11"]
[WhiteElo "2314"]
[BlackElo "2307"]
[Annotator "TA"]
[PlyCount "90"]
[EventDate "2024.07.01"]
[EventType "team-tourn"]
[EventCountry "POL"]
[SourceTitle "playchess.com"]
[Source "ChessBase"]
[SourceQuality "1"]
[TimeControl "40/5400+30:1800+30"]

1. Nf3 d5 2. d4 c6 3. c4 Nf6 4. e3 g6 5. Nc3 Bg7 6. h3 O-O 7. Be2 c5 8. dxc5 Qa5 (8... dxc4 $11 9. O-O Qxd1 10. Rxd1 Nbd7) 9. Bd2 (9. cxd5 Nxd5 10. Qxd5 Bxc3+ 11. Bd2 (11. bxc3 Qxc3+ 12. Qd2 Qxa1 $11) 11... Rd8 12. Bxc3 Qxc3+ 13. bxc3 Rxd5 $11) 9... dxc4 10. Bxc4 Qxc5 11. Qe2 Nc6 12. Rc1 Bd7 13. Na4 Qh5 {[%emt 0:03:06] [#]} 14. Nc5 $1 Ne5 15. Nxe5 Qxe5 16. Nxd7 Nxd7 17. Bc3 Qg5 18. O-O Bxc3 19. Rxc3 Nb6 20. Bb3 Nc8 21. e4 {[%emt 0:06:54][%cal Be3e4,Be4e5][%mdl 32] Black is weak on the light squares} Qf4 22. e5 a6 (22... e6 $142) 23. Rf3 {[%emt 0:06:11] White has more active pieces.} (23. Rd1 $142) 23... Qb4 $16 24. Rc1 {[%emt 0:07:19] [#] Hoping for Rc4.} Na7 25. Bd5 ({White should try} 25. Rc4 $16 Qa5 26. e6) 25... Nc6 26. Bxc6 bxc6 27. Rxc6 Rfd8 28. Rcc3 ({Reject} 28. Rxa6 Rxa6 29. Qxa6 Qxb2 $14) 28... Rd4 29. a3 Qb7 30. b4 Rad8 31. Rfd3 Qd5 32. Rxd4 Qxd4 {[%emt 0:00:04][%mdl 4096] Endgame. KQR-KQR} 33. Qe3 Qd5 34. Kh2 h5 35. Rc5 Qe6 36. Qe4 Rd2 (36... Kg7 $142) 37. f4 {[%emt 0:00:46] Qa8+ is the strong threat.} Kg7 38. Rc2 (38. Rc6 $16 Qb3 39. f5 (39. Rxa6 $2 {perishes.} h4 $19)) 38... Rd5 ({Black should play} 38... Rd1 $11) 39. Rc5 (39. Qc4 $14) 39... Rd2 40. Rc2 (40. Rc6 $16 Qb3 41. f5 (41. Rxa6 $2 {too greedy.} h4 $19)) 40... Rd5 $14 41. Qc4 h4 42. Re2 Qd7 43. Qc3 ({Better is} 43. Qxa6 $16 Qc7 44. Rf2) 43... e6 $11 {[%emt 0:02:31] The position is equal.} 44. Qf3 Rd1 45. Qf2 Qd8 {Weighted Error Value: White=0.19 (very precise) /Black=0.16 (very precise) .  Mistake:       	White=6     	Black=5      Inaccurate:     	White=1     	Black=5      OK:         	White=14    	Black=16     Best:        	---       	Black=1} 1/2-1/2

[Event "WSTCC-65 2024"]
[Site "Krakow"]
[Date "2024.07.03"]
[Round "2.9"]
[White "Swierczewski, Marek"]
[Black "Pigott, John C"]
[Result "0-1"]
[ECO "B52"]
[WhiteElo "2059"]
[BlackElo "2290"]
[Annotator "TA"]
[PlyCount "66"]
[EventDate "2024.07.01"]
[EventType "team-tourn"]
[EventCountry "POL"]
[SourceTitle "playchess.com"]
[Source "ChessBase"]
[SourceQuality "1"]
[TimeControl "40/5400+30:1800+30"]

1. e4 c5 2. Nf3 d6 3. Bb5+ Bd7 4. Bxd7+ Nxd7 5. O-O Ngf6 6. Qe2 e6 7. c3 Be7 8. d4 O-O 9. e5 Ne8 10. Bf4 Rc8 11. dxc5 Nxc5 12. Rd1 {[%emt 0:01:31] The position is equal.} Qb6 13. Na3 {[%emt 0:04:13] exd6 is the strong threat.} dxe5 14. Nxe5 Nf6 15. Nec4 Qa6 16. Bd6 $1 Bxd6 17. Rxd6 b6 18. Rd4 Nd5 19. Qd2 Na4 $2 ({Black should try} 19... b5 $11 20. Ne5 Rfd8) 20. Nd6 $16 Rc6 21. Nab5 Nc5 {[%emt 0:02:43] And now ...Nb3 would win.} 22. c4 (22. Qd1 $16) 22... Nb3 $36 {[%emt 0:04:42][%mdl 2048] White is under pressure.} 23. Qd1 (23. cxd5 $11 {and White has nothing to worry.} Rxd6 (23... Nxa1 $2 24. dxc6 Qxa2 25. Nc3 $18) 24. Nc7 Nxd2 25. Nxa6 Rxd5 26. Rxd5 exd5 27. Nb4) 23... Nxd4 $19 24. cxd5 Ne2+ $1 (24... Nxb5 25. dxc6 Nc7 (25... Rd8 $2 26. Nxb5 Rxd1+ 27. Rxd1 $18) 26. Nxf7 $16) (24... Rxd6 25. Nxd6 e5 26. a4 $15) 25. Kh1 (25. Qxe2 $2 {is the wrong capture.} Rxd6 (25... exd5 $2 26. Qe7 $18) 26. dxe6 Rxe6 $19) 25... exd5 (25... Rxd6 26. Nxd6 Nf4 27. dxe6 Nxe6 28. Qf3) 26. Qxd5 (26. Qxe2 $2 {loses.} Rxd6 27. Kg1 d4 $19) (26. h3 {keeps fighting.}) 26... Rc5 27. Qb3 Rc1+ 28. Rxc1 Nxc1 29. Qc4 {[%emt 0:00:22] [#]} Nxa2 (29... Qxa2 $1 $19 {has better winning chances.} 30. Qxc1 Qd5) 30. h4 $2 {[%emt 0:01:34][%mdl 8192] [#] Now White is beyond hope.} (30. g3 $17) 30... Qa5 $1 31. b4 (31. Ne4 {might work better.}) 31... Nxb4 {[%emt 0:01:09] Black is clearly winning.} 32. Nxf7 Rxf7 33. Nd6 Qa1+ {[%emt 0:00:17] Weighted Error Value: White=0.88/Black=0.19 (very precise) .  Loses game:     	White=2     	---        Missed win:     	---       	Black=1      Mistake:       	White=3     	Black=1      Inaccurate:     	White=2     	---        OK:         	White=7     	Black=13     Best:        	White=3     	Black=2      Strong:       	White=1     	Black=2} 0-1

[Event "WSTCC-65 2024"]
[Site "Krakow"]
[Date "2024.07.03"]
[Round "2.9"]
[White "Falk, Thomas"]
[Black "Sanetra, Piotr"]
[Result "1/2-1/2"]
[ECO "E09"]
[WhiteElo "2022"]
[BlackElo "2024"]
[Annotator "NA RC"]
[PlyCount "33"]
[EventDate "2024.07.01"]
[EventType "team-tourn"]
[EventCountry "POL"]
[SourceTitle "playchess.com"]
[Source "ChessBase"]
[SourceQuality "1"]
[TimeControl "40/5400+30:1800+30"]

1. Nf3 Nf6 2. c4 e6 3. g3 d5 4. d4 Be7 5. Bg2 Nbd7 6. O-O O-O 7. Qc2 c6 8. Nbd2 b6 9. b3 Bb7 10. Bb2 Rc8 11. e4 c5 12. exd5 exd5 13. dxc5 dxc4 14. Nxc4 Rxc5 15. a4 Re8 16. Rfe1 Bf8 17. Rad1 1/2-1/2

[Event "WSTCC-65 2024"]
[Site "Krakow"]
[Date "2024.07.03"]
[Round "2.10"]
[White "Legky, Nikolay A"]
[Black "Soderberg, Per"]
[Result "1-0"]
[ECO "D00"]
[WhiteElo "2339"]
[BlackElo "2015"]
[Annotator "TA"]
[PlyCount "39"]
[EventDate "2024.07.01"]
[EventType "team-tourn"]
[EventCountry "POL"]
[SourceTitle "playchess.com"]
[Source "ChessBase"]
[SourceQuality "1"]
[TimeControl "40/5400+30:1800+30"]

1. d4 d5 2. Bf4 Nf6 3. e3 c5 4. c3 e6 5. Nf3 Nc6 6. Nbd2 cxd4 7. exd4 Bd6 8. Bg3 O-O 9. Bd3 Re8 10. Ne5 Bxe5 {[%emt 0:02:04] White is slightly better.} 11. dxe5 Nd7 12. f4 Qb6 13. b4 Qe3+ 14. Qe2 Qxe2+ 15. Kxe2 b6 16. Bf2 Bb7 17. Nf3 $36 {[%emt 0:02:23][%mdl 2048] White is pushing.} h6 18. Nd4 a6 19. a4 {[%emt 0:00:35] White has more active pieces.} Nxd4+ (19... a5 $14) 20. Bxd4 {Weighted Error Value: White=0.07 (flawless) /Black=0.17 (very precise) .  Mistake:       	---       	Black=1      Inaccurate:     	White=1     	Black=1      OK:         	White=2     	Black=4      Best:        	White=1     	---} 1-0

[Event "WSTCC-65 2024"]
[Site "Krakow"]
[Date "2024.07.03"]
[Round "2.10"]
[White "Baker, Chris W"]
[Black "Czajkowski, Ryszard"]
[Result "1-0"]
[ECO "A05"]
[WhiteElo "2198"]
[BlackElo "1975"]
[Annotator "RC"]
[PlyCount "85"]
[EventDate "2024.07.01"]
[EventType "team-tourn"]
[EventCountry "POL"]
[SourceTitle "playchess.com"]
[Source "ChessBase"]
[SourceQuality "1"]
[TimeControl "40/5400+30:1800+30"]

1. Nf3 Nf6 2. c4 c5 3. g3 Nc6 4. Bg2 e6 5. O-O d5 6. cxd5 Nxd5 7. d4 Be7 8. dxc5 Bxc5 9. a3 Be7 10. Nbd2 O-O 11. Nc4 b5 12. Ne3 Nxe3 13. Bxe3 Bb7 14. Nd4 Nxd4 15. Bxb7 Rb8 16. Bg2 Bf6 17. Rc1 a5 18. Rc5 b4 19. a4 b3 20. Bd2 Nc2 21. Rxa5 Bxb2 22. Rb5 Na3 23. Rxb8 Qxb8 24. a5 Bd4 25. Bf4 e5 26. Qxd4 exd4 27. Bxb8 Rxb8 28. a6 Nb5 29. Rb1 Na7 30. Bb7 Kf8 31. Rxb3 Ke7 32. Rb4 Rd8 33. Be4 g6 34. g4 f6 35. Kf1 Rd6 36. Rb7+ Rd7 37. Ke1 Kd6 38. Kd2 Rxb7 39. axb7 Kc7 40. Kd3 Nb5 41. Kc4 f5 42. gxf5 gxf5 43. Bf3 1-0